 Dungeon Crawl Stone Soup version 0.29-a0-892-g2c4c91d9db (webtiles) character file.

Game seed: 16184784544904723901

228 Ijustatesigmund the Digger (level 6, 0/32 HPs)
             Began as an Octopode Earth Elementalist on July 22, 2022.
             Killed from afar by an orc wizard (5 damage)
             ... with a puff of flame
             ... on level 4 of the Dungeon.
             The game lasted 00:08:50 (4422 turns).

Ijustatesigmund the Digger (OpEE)                   Turns: 4422, Time: 00:08:50

Health: 0/32       AC:  5    Str:  5 (7)  XL:     6   Next: 2%
Magic:  8/10       EV: 13    Int: 21 (23) God:
Gold:   179        SH:  0    Dex: 10 (11) Spells: 2/10 levels left

rFire   . . .      SeeInvis .   d - +0 short sword
rCold   . . .      Faith    .   (no shield)
rNeg    . . .      Spirit   .   (helmet restricted)
rPois   .          Reflect  .   (no amulet)
rElec   .          Harm     .   g - +4 ring of protection
rCorr   .          Rampage  .   (no ring)
Will    .....                   (no ring)
Stlth   +++.......              (no ring)
HPRegen 0.10/turn               (no ring)
MPRegen 0.12/turn               (no ring)
                                (no ring)
                                (no ring)

@: unable to drink
A: almost no armour, amphibious, 8 rings, camouflage 1, gelatinous body 1,
(nimble swimmer 1), tentacles, clever 1, frail 1, inability to drink while
threatened 1
a: no special abilities


You were on level 4 of the Dungeon.
You visited 1 branch of the dungeon, and saw 4 of its levels.

You collected 179 gold pieces.

Inventory:

Hand Weapons
 d - a +0 short sword (weapon)
Armour
 k - the +1 buckler of Lugonu, Burning {*Slow rF+++ Dex+4 Stlth+}
   (You acquired it on level 2 of the Dungeon)

   Dex:       It affects your dexterity (+4).
   rF:        It renders you almost immune to fire.
   *Slow:     It may slow you when you take damage.
   Stlth:     It makes you more stealthy.
Jewellery
 g - a +4 ring of protection (left tentacle)
Potions
 a - a potion of magic
 b - 2 potions of might
 c - 3 potions of attraction
 f - a potion of cancellation
 i - a potion of lignification
 j - a potion of flight {unknown}
 l - a potion of curing {unknown}
 m - a potion of ambrosia {unknown}
 o - a potion of degeneration


   Skills:
 - Level 2.0 Dodging
 - Level 2.6 Stealth
 + Level 1.1 Shields
 - Level 2.9 Spellcasting
 + Level 1.9 Conjurations
 + Level 2.0 Hexes
 - Level 2.4 Transmutations
 + Level 1.9 Ice Magic
 - Level 3.4 Earth Magic


You had 2 spell levels left.
You knew the following spells:

 Your Spells              Type           Power      Damage    Failure   Level
a - Sandblast             Erth           34%        2d9       3%          1
b - Ensorcelled Hibernat  Hex/Ice        22%        N/A       9%          2
c - Stone Arrow           Conj/Erth      28%        3d8       14%         3
d - Passwall              Tmut/Erth      12%        N/A       6%          2

Your spell library contained the following spells:

 Spells                   Type           Power      Damage    Failure   Level
 Magic Dart               Conj           44%        1d5       6%          1
 Call Imp                 Summ           3%         N/A       21%         2
 Spider Form              Tmut/Pois      8%         N/A       24%         3
 Mephitic Cloud           Conj/Pois/Air  5%         N/A       30%         3
 Petrify                  Tmut/Erth      15%        N/A       36%         4
 Leda's Liquefaction      Hex/Erth       7%         N/A       41%         4
 Anguish                  Hex/Necr       3%         N/A       65%         4
 Lee's Rapid Deconstruct  Erth           8%         3d8*      67%         5
 Statue Form              Tmut/Erth      10%        N/A       99%         6
 Lehudib's Crystal Spear  Conj/Erth      7%         10d3      100%        8
 Animate Armour           Summ/Erth      Unusable   N/A       N/A         4

Dungeon Overview and Level Annotations

Branches:
Dungeon (4/15)
 Temple: D:4-7

Altars:
Dithmenos
Trog


Innate Abilities, Weirdness & Mutations

You cannot wear most types of armour.
You are amphibious.
You can wear up to eight rings at the same time.
Your skin changes colour to match your surroundings (Stealth+).
Your rubbery body absorbs attacks. (AC +1, EV +1)
((You are camouflaged when in or above water. (Stealth+)))
You have tentacles for arms and can constrict up to eight enemies at once.
Your mind is acute. (Int +4, Str/Dex -1)
You are frail. (-10% HP)
You occasionally lose the ability to drink potions when taking damage.


Message History

You miss something.
Something hits you but does no damage. x2
You closely miss something. Something hits you.
You hit something. Something hits you but does no damage.
You miss something. Your squeeze misses something. Something hits you.
You miss something. Your squeeze misses something.
Something hits you but does no damage.
You barely miss something.
You hear some strange, mumbled words.
You are confused.
You miss something. Something hits you but does no damage.
You closely miss something.
You hear some strange, mumbled words.
A puff of flame appears from out of thin air!
The puff of flame hits you.
* * * LOW HITPOINT WARNING * * *
You completely miss something. Your squeeze misses something.
Something hits you.
* * * LOW HITPOINT WARNING * * *
You bump into the rock wall.
Something hits you but does no damage.
You completely miss something. Your squeeze misses something.
Something hits you but does no damage.
You bump into the rock wall.
You feel less confused.
You hear some strange, mumbled words.
Something tries to affect you, but you resist.
You miss something. Something hits you.
* * * LOW HITPOINT WARNING * * *
Something hits you.
* * * LOW HITPOINT WARNING * * *
You hit something.
You hear some strange, mumbled words.
A magic dart appears from out of thin air!
The magic dart hits you but does no damage.
You barely miss something. Something hits you but does no damage.
You closely miss something. Your squeeze misses something.
You hear some strange, mumbled words.
A puff of flame appears from out of thin air!
The puff of flame hits you.
You feel threatened and lose the ability to drink potions!
You die...

### #.. #.# #.#
####.######
#<........#
###########.####.#
.....)..@{)..# #.#
###########..# #.#
..........###.#
.########..##.####.#
...........†.....#
########..#.######
..........#
#######.### #..#


There were no monsters in sight!

Vanquished Creatures
  Natasha (twice) (D:2)
  11 adders
  2 worms (D:2)
  5 orcs
  13 ball pythons
  2 endoplasms
  A giant cockroach (D:3)
  5 goblins
  8 hobgoblins
  8 jackals
  2 kobolds
  3 quokkas
  5 bats
  4 frilled lizards
  A rat (D:2)
72 creatures vanquished.

Vanquished Creatures (others)
  An orc wizard (D:4)
  A fungus (D:4)
2 creatures vanquished.

Grand Total: 74 creatures vanquished

Notes
Turn   | Place    | Note
-------+----------+-------------------------------------------
     0 | D:1      | Ijustatesigmund the Octopode Earth Elementalist began the
                  | quest for the Orb.
     0 | D:1      | Reached XP level 1. HP: 11/11 MP: 3/3
   255 | D:1      | Reached XP level 2. HP: 6/17 MP: 0/5
  1213 | D:2      | Reached XP level 3. HP: 21/21 MP: 2/6
  1221 | D:2      | Learned a level 2 spell: Ensorcelled Hibernation
  1225 | D:2      | Learned a level 3 spell: Stone Arrow
  1573 | D:2      | Noticed Natasha
  1581 | D:2      | Killed Natasha
  1582 | D:2      | Reached XP level 4. HP: 27/27 MP: 3/8
  1931 | D:2      | Reached skill level 1 in Ice Magic
  2055 | D:2      | Reached skill level 1 in Conjurations
  2143 | D:2      | Reached skill level 1 in Hexes
  2199 | D:2      | Noticed Natasha
  2212 | D:2      | Killed Natasha
  2213 | D:2      | Reached XP level 5. HP: 31/31 MP: 5/9
  2285 | D:2      | Identified a scroll of acquirement
  2285 | D:2      | Acquired the +1 buckler of Lugonu, Burning {*Slow rF+++
                  | Dex+4 Stlth+}
  2628 | D:3      | Found a faded altar of an unknown god.
  2696 | D:3      | Found a shadowy altar of Dithmenos.
  3404 | D:3      | Reached skill level 1 in Shields
  3716 | D:3      | Found a bloodstained altar of Trog.
  3832 | D:3      | Learned a level 2 spell: Passwall
  4378 | D:4      | Reached XP level 6. HP: 18/36 MP: 5/10
  4385 | D:4      | Gained mutation: You occasionally lose the ability to drink
                  | potions when taking damage. [potion of mutation]
  4385 | D:4      | Gained mutation: You are frail. (-10% HP) [potion of
                  | mutation]
  4385 | D:4      | Gained mutation: Your mind is acute. (Int +4, Str/Dex -1)
                  | [potion of mutation]
  4422 | D:4      | Killed from afar by an orc wizard

Illustrated notes

Levels and vault maps discovered:
D:1:      wheals_arrival_shading, layout_basic, minmay_pentomino_w4
D:2:      layout_rooms, minmay_snake_closets, uniq_natasha
D:3:      layout_basic, grunt_dithmenos_smoke, trog_three_pillars_becter,
          shapermc_ecumenical_altar_pompeii
D:4:      layout_basic, dreamdust_gnoll_farm

Skill      XL: |  1  2  3  4  5 |
---------------+----------------+-----
Transmutations | 2 |  2.4
Ice Magic      | 1 |  1.9
Conjurations   | 1 |  1.9
Hexes          | 1 2 |  2.0
Shields        | 1 |  1.1
Dodging        | |  2.0
Stealth        | |  2.6
Spellcasting   | |  2.9
Earth Magic    | |  3.4

Action                   |  1- 3 |  4- 6 || total
-------------------------+-------+-------++-------
Melee: Unarmed           |    13 |       ||    13
       Constrict         |     9 |     7 ||    16
       Tentacles         |     7 |     7 ||    14
       Dagger            |    16 |     1 ||    17
       Short sword       |       |    38 ||    38
 Cast: Sandblast         |    36 |    56 ||    92
       Stone Arrow       |     2 |     1 ||     3
       Ensorcelled Hiber |       |     4 ||     4
  Use: Scroll            |     4 |     7 ||    11
       Potion            |       |     5 ||     5
 Stab: Sleeping          |       |     4 ||     4
Armor: Skin              |    12 |    32 ||    44
Dodge: Dodged            |    50 |    32 ||    82

Table legend: (Time is in decaauts)
 A = Elapsed time spent in this place.
 B = Non-inter-level travel time spent in this place.
 C = Inter-level travel time spent in this place.
 D = Time resting spent in this place.
 E = Time spent auto-exploring this place.
 F = Levels seen in this place.
 G = Mean time per level.
                   A        B        C        D        E       F      G
               +--------+--------+--------+--------+--------+-----+--------+
         Total |   4529 |   4408 |    121 |   1909 |   1929 |   4 | 1132.2 |
       Dungeon |   4529 |   4408 |    121 |   1909 |   1929 |   4 | 1132.2 |
               +--------+--------+--------+--------+--------+-----+--------+

Top non-repeatable levels by time:
     D:3: 1760 daAuts
     D:1: 1367 daAuts
     D:2: 1305 daAuts
     D:4: 96 daAuts
